 Dungeon Crawl Stone Soup version 0.25.1-2-g60ff931df9 (webtiles) character file.

Game seed: 13512948827642223247

136 Arcadio the Caller (level 5, -10/37 HPs)
             Began as a Merfolk Summoner on Nov 20, 2020.
             Was an Initiate of Sif Muna.
             Killed by divine providence
             ... invoked by an orc priest
              (17 damage)
             ... on level 3 of the Dungeon.
             The game lasted 00:27:21 (4565 turns).

Arcadio the Caller (Merfolk Summoner)               Turns: 4565, Time: 00:27:21

Health: -10/37     AC:  2    Str:  9    XL:     5   Next: 19%
Magic:  7/9        EV: 13    Int: 15    God:    Sif Muna [......]
Gold:   118        SH:  0    Dex: 14    Spells: 4/10 levels left

rFire    . . .     SeeInvis .   l - +2 dagger (vamp)
rCold    . . .     Gourm    .   (no shield)
rNeg     . . .     Faith    .   a - +0 robe
rPois    .         Spirit   .   (no helmet)
rElec    .         Reflect  .   (no cloak)
rCorr    .         Harm     .   (no gloves)
MR       .....                  (no boots)
Stlth    ++........             (no amulet)
HPRegen  0.12/turn              g - ring of wizardry
MPRegen  0.11/turn              (no ring)

@: no status effects
A: change form in water, swift swim, stealthy swim
a: Renounce Religion


You were on level 3 of the Dungeon.
You worshipped Sif Muna.
Sif Muna was noncommittal.
You were not hungry.

You visited 1 branch of the dungeon, and saw 3 of its levels.

You collected 118 gold pieces.

Inventory:

Hand Weapons
 e - a +0 club
 l - a +2 vampiric dagger (weapon)
 o - a +0 hunting sling
 q - a +0 dagger of speed
 x - a +3 short sword
Missiles
 h - 148 stones (quivered)
Armour
 a - a +0 robe (worn)
 k - a +0 pair of gloves
 r - a +0 pair of gloves
 s - a +0 buckler
 t - a +0 robe
 v - a +2 cloak of poison resistance
Jewellery
 b - an uncursed ring of magical power {unknown}
 g - a ring of wizardry (left hand)
 j - an uncursed ring of wizardry
 n - a cursed ring of attention {unknown}
Scrolls
 d - a scroll of amnesia {unknown}
Potions
 f - 2 potions of might {unknown}
 i - a potion of flight {unknown}
 p - a potion of berserk rage {unknown}
 u - a potion of cancellation {unknown}
 w - a potion of curing
Comestibles
 c - 6 rations
 m - 4 chunks of flesh


   Skills:
 + Level 1.0 Fighting
 + Level 0.8 Short Blades
 + Level 0.3 Maces & Flails
 + Level 0.6 Throwing
 + Level 3.4 Dodging
 - Level 2.8 Stealth
 + Level 0.4 Unarmed Combat
 + Level 3.1 Spellcasting
 + Level 4.7 Summonings


You had 4 spell levels left.
You knew the following spells:

 Your Spells              Type           Power        Failure   Level  Hunger
a - Summon Small Mammal   Summ           ###.         1%          1    #......
b - Call Imp              Summ           ###.....     1%          2    ##.....
c - Summon Guardian Gole  Hex/Summ       #.......     9%          3    ###....

Your spell library contained the following spells:

 Spells                   Type           Power        Failure   Level  Hunger
 Call Canine Familiar     Summ           ###.....     3%          3    ###....
 Summon Ice Beast         Ice/Summ       #.......     28%         4    #####..
 Summon Lightning Spire   Summ/Air       #.......     28%         4    #####..


Dungeon Overview and Level Annotations

Branches:
Dungeon (3/15)

Altars:
Cheibriados
Qazlal
Ru
Sif Muna
Zin
The Shining One


Message History

The orc priest closely misses your crimson imp.
Your crimson imp hits the orc priest but does no damage.
The orc priest misses your crimson imp.
Your crimson imp hits the orc.
The orc barely misses your crimson imp.
Your crimson imp barely misses the orc priest.
The orc priest calls down the wrath of Beogh upon you.
Beogh smites you!
* * * LOW HITPOINT WARNING * * *
Your crimson imp barely misses the orc.
Your crimson imp barely misses the orc priest.
The orc priest calls upon Beogh to heal something.
You now have 118 gold pieces (gained 13).
Things that are here:
a +0 short sword; an orc corpse You see here an orc skeleton.
The orc priest hits your crimson imp with a +0 dagger.
There is a stone staircase leading down here.
The orc priest invokes the aid of Beogh against you.
Beogh smites you!
You die... .#.....##.# ..# .#####.##.# #.. .###..÷÷..# ..# ## ##...#.#### #...o #.####.# #.#. #.# #.# #oo

#.####.# #r#
#......#
############o#####.
.>..####
#.@...5)o.##.......
###.#
#.#######..)...###.
#.# #.# #.####.#
###.###### #.#
#.####.##
.........# #.#
#........
.##.####.# #÷#
#5####.## ###.# #.#
#.# #o####.# .##.#
#.#
#.#######5.....#
....# #.#
#.5o5.....######


You could see an orc priest and a friendly crimson imp (summoned).

Vanquished Creatures
  3 adders
  An ooze (D:2)
  A worm (D:3)
  4 leopard geckos
  3 goblins
  2 hobgoblins (D:1)
  A jackal (D:1)
  4 kobolds
  3 bats
  A rat (D:1)
23 creatures vanquished.

Vanquished Creatures (collateral kills)
  2 orc priests (D:3)
  3 adders
  An ooze (D:1)
  3 worms (D:2)
  A dart slug (D:3)
  A leopard gecko (D:1)
  3 orcs (D:3)
  4 bats
  2 giant cockroaches
  5 hobgoblins
  4 jackals (D:1)
  2 quokkas
  A ball python (D:1)
  3 frilled lizards
  5 goblins
  3 kobolds
  3 rats
46 creatures vanquished.

Vanquished Creatures (others)
  4 toadstools (D:1)
4 creatures vanquished.

Grand Total: 73 creatures vanquished

Notes
Turn   | Place    | Note
-------+----------+-------------------------------------------
     0 | D:1      | Arcadio the Merfolk Summoner began the quest for the Orb.
     0 | D:1      | Reached XP level 1. HP: 13/13 MP: 3/3
   280 | D:1      | Reached XP level 2. HP: 10/19 MP: 1/5
   472 | D:1      | Learned a level 2 spell: Call Imp
  1343 | D:1      | Reached XP level 3. HP: 22/24 MP: 3/6
  1992 | D:2      | Found a faded altar of an unknown god.
  2464 | D:2      | HP: 1/25 [adder (1)]
  3094 | D:2      | Learned a level 3 spell: Summon Guardian Golem
  3325 | D:3      | Reached XP level 4. HP: 28/31 MP: 5/8
  3766 | D:3      | Found a snail-covered altar of Cheibriados.
  3819 | D:3      | Found a shimmering blue altar of Sif Muna.
  3819 | D:3      | Found a stormy altar of Qazlal.
  4097 | D:3      | Found a sacrificial altar of Ru.
  4103 | D:3      | Found a glowing golden altar of the Shining One.
  4104 | D:3      | Found a glowing silver altar of Zin.
  4142 | D:3      | Became a worshipper of Sif Muna the Loreminder
  4440 | D:3      | Reached XP level 5. HP: 36/36 MP: 9/9
  4460 | D:3      | Reached skill level 1 in Fighting
  4565 | D:3      | Killed from afar by an orc priest

Illustrated notes

Levels and vault maps discovered:
D:1:      ldierk_walled_garden_2, layout_loops_corners
D:2:      layout_basic, chequers_ecumenical_altar_simple_redux, first_ration
D:3:      layout_loops_corners, chequers_temple_overflow_minitemple,
          cheibriados_altar_1

Skill      XL: |  1  2  3  4  5 |
---------------+----------------+-----
Dodging        | 3 |  3.4
Spellcasting   | 3 |  3.1
Fighting       | 1 |  1.0
Short Blades   | |  0.8
Maces & Flails | |  0.3
Throwing       | |  0.6
Stealth        | |  2.8
Unarmed Combat | |  0.4
Summonings     | |  4.7

Action                   |  1- 3 |  4- 6 || total
-------------------------+-------+-------++-------
Melee: Club              |    54 |       ||    54
       Unarmed           |    11 |       ||    11
       Dagger            |    19 |    46 ||    65
Throw: Stone             |     5 |       ||     5
 Cast: Summon Small Mamm |    13 |       ||    13
       Call Imp          |    29 |    17 ||    46
  Use: Scroll            |     2 |       ||     2
       Potion            |     1 |       ||     1
 Stab: Sleeping          |     3 |     3 ||     6
  Eat: Chunk             |     9 |     5 ||    14
Armor: Robe              |    14 |     1 ||    15
Dodge: Dodged            |    73 |    30 ||   103
